 Dungeon Crawl Stone Soup version 0.25.0-1-g7eea58d2a3 (console) character file.

Game seed: 2745233271829321598

7536 Garrluk the Grappler (level 10, -7/99 (100) HPs)
             Began as a Troll Monk on June 14, 2020.
             Was a Believer of Ru.
             Killed by divine providence
             ... invoked by an orc priest
              (12 damage)
             ... on level 11 of the Dungeon.
             The game lasted 00:29:46 (8840 turns).

Garrluk the Grappler (Troll Monk)                   Turns: 8840, Time: 00:29:46

HP:   -7/99 (100)   AC:  9    Str: 19    XL:     10   Next: 96%
MP:   9/9           EV: 15    Int:  6    God:    Ru [**....]
Gold: 695           SH:  0    Dex: 21    Spells: 9/9 levels left

rFire    . . .     SeeInvis .     - Unarmed
rCold    + . .     Gourm    +   (no shield)
rNeg     . . .     Faith    .   T - +2 robe {MR+}
rPois    .         Spirit   .   (helmet restricted)
rElec    .         Reflect  .   s - +0 cloak
rCorr    .         Harm     .   (gloves unavailable)
MR       +....                  (boots unavailable)
Stlth    ++........             (no amulet)
HPRegen  0.66/turn              u - ring of protection from cold
MPRegen  0.11/turn              L - +6 ring of dexterity

@: about to teleport
A: large, unfitting armour, claws 3, fast metabolism 3, gourmand, regeneration
1, shaggy fur 1, tough skin 3, weak 1, inability to train armour
a: Renounce Religion


You were on level 11 of the Dungeon.
You worshipped Ru.
Ru was pleased with you.
You were very full.

You visited 1 branch of the dungeon, and saw 11 of its levels.
You also visited: Sewer.

You collected 695 gold pieces.

Inventory:

Missiles
 a - 3 atropa-tipped darts
 k - 125 stones
 I - 8 poisoned darts (quivered)
 M - 3 boomerangs
Armour
 s - a +0 cloak (worn)
 D - the +1 kite shield of the Fletcher {Harm Str+2}
   (You found it on level 4 of the Dungeon)

   It affects your strength (+2).
   It increases damage dealt and taken.
 E - a +0 robe of cold resistance
 T - a +2 robe of magic resistance (worn)
Jewellery
 h - an uncursed amulet of reflection
 u - a ring of protection from cold (left claw)
 w - an uncursed ring of ice
 A - an uncursed ring of wizardry
 L - a +6 ring of dexterity (right claw)
Wands
 J - a wand of iceblast (4)
 K - a wand of digging (7)
Scrolls
 d - 7 scrolls of remove curse
 e - 4 scrolls of fear {unknown}
 f - 5 scrolls of teleportation
 g - 9 scrolls of identify
 i - 2 scrolls of enchant armour {unknown}
 j - 5 scrolls of amnesia {unknown}
 l - 3 scrolls of fog {unknown}
 n - 3 scrolls of enchant weapon {unknown}
 r - 2 scrolls of random uselessness {unknown}
 y - 2 scrolls of blinking {unknown}
 C - 4 scrolls of magic mapping
 H - a scroll of holy word {unknown}
 N - a scroll of immolation {unknown}
 P - a scroll of brand weapon {unknown}
 S - a scroll of noise {unknown}
Potions
 c - 4 potions of mutation {unknown}
 m - 3 potions of might
 o - 3 potions of ambrosia {unknown}
 p - 2 potions of degeneration {unknown}
 q - 3 potions of heal wounds
 v - 4 potions of flight {unknown}
 x - 2 potions of berserk rage {unknown}
 z - a potion of haste {unknown}
 B - 6 potions of curing
 F - 2 potions of magic {unknown}
 G - a potion of resistance {unknown}
 O - a potion of invisibility {unknown}
Miscellaneous
 R - a lightning rod (4/4)
Comestibles
 b - 23 rations
 Q - 6 chunks of flesh


   Skills:
 + Level 6.8 Fighting
 + Level 6.7 Throwing
 + Level 6.9 Dodging
 - Level 1.0 Stealth
 * Level 11.1 Unarmed Combat


You had 9 spell levels left.
You didn't know any spells.
Your spell library contained the following spells:

 Spells                   Type           Power        Failure   Level  Hunger
 Beastly Appendage        Tmut           #.....       45%         1    ##.....
 Foxfire                  Conj/Fire      #...         45%         1    ##.....
 Sticks to Snakes         Tmut           #.......     58%         2    ###....
 Conjure Flame            Conj/Fire      #.......     83%         3    ####...
 Inner Flame              Hex/Fire       #.......     83%         3    ####...
 Spider Form              Tmut/Pois      #.........   83%         3    ####...
 Ice Form                 Ice/Tmut       #.......     99%         4    #####..
 Sticky Flame             Conj/Fire      #.......     99%         4    #####..
 Blade Hands              Tmut           #.........   100%        5    ######.
 Fireball                 Conj/Fire      #.........   100%        5    ######.


Dungeon Overview and Level Annotations

Branches:
Dungeon (11/15)            Temple (0/1) D:4            Lair (0/6) D:11
    Orc (0/2) D:10          Sewer (visited)

Altars:
Dithmenos
Ru
Sif Muna

Shops:
D:10 [(

Annotations:
D:5 Sigmund
D:7 exclusion: ice statue


Innate Abilities, Weirdness & Mutations

You are too large for most types of armour.
You have claws for hands.
Your metabolism is lightning-fast.
You like to eat raw meat.
Your natural rate of healing is unusually fast.
You are covered in fur. (AC +1)
You have extremely tough skin. (AC +3)
You are weak. (Str -2)
You cannot train Armour skill.


Message History

The javelin closely misses the orc priest.
The five-headed hydra barely misses you.
The five-headed hydra closely misses you.
The five-headed hydra bites you!
* * * LOW HITPOINT WARNING * * *
The five-headed hydra bites you but does no damage.
The five-headed hydra bites you.
* * * LOW HITPOINT WARNING * * *
As you read the scroll labeled SIADITRE LEAMO, it crumbles to dust.
You feel strangely unstable.
It was a scroll of teleportation.
The orc priest looks satisfied for a moment.
The five-headed hydra bites you!
* * * LOW HITPOINT WARNING * * *
The five-headed hydra bites you but does no damage.
The five-headed hydra closely misses you. x2
The five-headed hydra bites you!
* * * LOW HITPOINT WARNING * * *
The orc priest calls down the wrath of Beogh upon you.
Beogh smites you!
You die...

*+***** **,,*,,*,*****,*,***,* *
*,,,,******,**,*,,,* *,*,,*,,****
*,,,,+,,,,,,**,***,* *,**,*,,*,,,
*,,,,******,##.,**,***,,,,*,,*,**
*+*******,,,#...,,,*,,,,,,*,**,*
*,*****,,,**#.#.#***,*,**,*,**,*
,****,,,*,* #.#..* *,*,,,,,,,*,*
***,,.***,* #.##.##*,*,*,,****,**
*,,,*...,,* #.#*..#,,,,,,,* *,*,
,,**,....(###.###.###*,,,,****,*,
****,....((oo.D.@...#*,,,,*,**,*,
*,........####...#*,,,,*,**,*,
*,.........,,##..#*,,,..,,*,*,
***,.....#####,*#.$#*..#.*,**,*,
*,,,.....,*,,,,*##.##...,,,,*,*,
*,,,....,,*.######..#..####**,*,
**,,,...,,,*.........#......,,,*,
,,,,,...,,,*..######.#...#,,,,,,,
,,,,,,,,,,**,,* ###...#.#,*****,
,,,,,,,,,,,,,,* #.......#,*,,,*,
,,,,,,,,,****,* #.##..#.#,*,,,,,


You could see a five-headed hydra, an orc priest and an orc.

Vanquished Creatures
  Erolcha (D:9)
  Psyche (D:9)
  A komodo dragon (D:6)
  A troll (D:8)
  A queen bee (D:8)
  Prince Ribbit (D:8)
  2 hippogriffs
  A vampire (D:10)
  A wyvern (D:8)
  A hungry ghost (D:10)
  Duvessa (D:6)
  Purgy (Sewer)
  6 orc warriors
  2 phantoms (D:4)
  2 sky beasts
  A black bear (D:7)
  4 ice beasts
  A necrophage (D:8)
  3 ogres
  5 bullfrogs
  Dowan (D:6)
  A scorpion (D:4)
  15 killer bees
  5 wights (D:6)
  4 howler monkeys
  2 crimson imps
  13 orc wizards
  7 orc priests
  2 bullfrog skeletons
  2 hounds
  Jessica (D:3)
  2 iguanas
  8 worker ants
  A killer bee zombie (D:6)
  3 gnolls (D:6)
  10 adders
  2 river rats (D:3)
  2 shadow imps
  2 oozes
  An adder skeleton (D:4)
  2 worms (D:2)
  3 dart slugs (D:1)
  7 leopard geckos
  53 orcs
  7 giant cockroaches
  6 goblins
  5 hobgoblins
  13 jackals
  11 kobolds
  5 quokkas
  5 ball pythons
  10 bats
  7 frilled lizards
  A leopard gecko zombie (D:7)
  8 rats
264 creatures vanquished.

Vanquished Creatures (others)
  A troll (D:9)
1 creature vanquished.

Grand Total: 265 creatures vanquished

Notes
Turn   | Place    | Note
-------+----------+-------------------------------------------
     0 | D:1      | Garrluk the Troll Monk began the quest for the Orb.
     0 | D:1      | Reached XP level 1. HP: 22/22 MP: 0/0
    76 | D:1      | Reached XP level 2. HP: 29/29 MP: 1/1
   280 | D:1      | Reached XP level 3. HP: 36/36 MP: 2/2
   931 | D:2      | Reached skill level 4 in Unarmed Combat
   931 | D:2      | Reached XP level 4. HP: 44/44 MP: 3/3
  1621 | D:2      | Reached skill level 1 in Throwing
  1897 | D:3      | Found a glowing drain.
  1903 | D:3      | Reached XP level 5. HP: 51/53 MP: 4/4
  1920 | Sewer    | Entered a sewer
  1985 | Sewer    | Noticed Purgy
  2004 | Sewer    | Killed Purgy
  2146 | D:3      | Reached skill level 5 in Unarmed Combat
  2146 | D:3      | Reached XP level 6. HP: 41/61 MP: 5/5
  2630 | D:3      | Noticed Jessica
  2639 | D:3      | Found a shimmering blue altar of Sif Muna.
  2681 | D:3      | Killed Jessica
  2909 | D:4      | Reached XP level 7. HP: 58/68 MP: 6/6
  3061 | D:4      | Reached skill level 6 in Unarmed Combat
  3066 | D:4      | Found a staircase to the Ecumenical Temple.
  3262 | D:4      | Got a slimy kite shield
  3268 | D:4      | Identified the +1 kite shield of the Fletcher {Harm Str+2}
                  | (You found it on level 4 of the Dungeon)
  3613 | D:5      | Entered Level 5 of the Dungeon
  3623 | D:5      | Found a sacrificial altar of Ru.
  3631 | D:5      | Became a worshipper of Ru the Awakened
  3636 | D:5      | Gained mutation: You are weak. (Str -2) [Ru sacrifice]
  3677 | D:5      | Reached XP level 8. HP: 67/78 MP: 7/7
  3738 | D:5      | Noticed Sigmund
  3942 | D:6      | Noticed Dowan
  3943 | D:6      | Noticed Duvessa
  3963 | D:6      | Killed Duvessa
  4001 | D:6      | Killed Dowan
  4001 | D:6      | Reached skill level 7 in Unarmed Combat
  4053 | D:6      | Found a shadowy altar of Dithmenos.
  4338 | D:6      | Reached skill level 5 in Dodging
  4338 | D:6      | Reached skill level 8 in Unarmed Combat
  4341 | D:6      | Reached skill level 5 in Fighting
  4341 | D:6      | Reached XP level 9. HP: 55/88 MP: 8/8
  4360 | D:6      | Noticed a komodo dragon
  4368 | D:6      | Killed a komodo dragon
  5187 | D:7      | Gained mutation: You cannot train Armour skill. [Ru
                  | sacrifice]
  5187 | D:7      | Reached * piety under Ru
  5187 | D:7      | Reached ** piety under Ru
  5389 | D:7      | Noticed an ice statue
  5597 | D:7      | Reached skill level 5 in Throwing
  5968 | D:8      | Reached skill level 9 in Unarmed Combat
  6094 | D:8      | Noticed Prince Ribbit
  6117 | D:8      | Killed Prince Ribbit
  6249 | D:8      | Reached XP level 10. HP: 63/97 MP: 9/9
  6550 | D:8      | Reached skill level 10 in Unarmed Combat
  7087 | D:9      | Noticed Psyche
  7110 | D:9      | Killed Psyche
  7626 | D:9      | Noticed Erolcha
  7669 | D:9      | Killed Erolcha
  8007 | D:10     | Entered Level 10 of the Dungeon
  8251 | D:10     | Found Aqympoce's Armour Boutique.
  8257 | D:10     | Found a staircase to the Orcish Mines.
  8265 | D:10     | Reached skill level 11 in Unarmed Combat
  8414 | D:10     | Found Quawax's Weapon Boutique.
  8824 | D:11     | Noticed a four-headed hydra
  8839 | D:11     | HP: 4/99 [five-headed hydra (7)]
  8840 | D:11     | Killed from afar by an orc priest

Illustrated notes

Levels and vault maps discovered:
D:1:      roderic_crossed_star, layout_basic
D:2:      layout_loops_corners, first_ration, minmay_stone_trees_large
D:3:      layout_loops_ring, tgw_sif, portal_sewer_entry_c
D:4:      layout_basic, minmay_temple_entry_slanted, kennysheep_crisscross
D:5:      layout_cave_pools, nicolae_ru_sacrificial_ziggurat, uniq_sigmund
D:6:      minmay_opposing_rooms, layout_basic, basic_altar, uniq_duvessa
D:7:      lemuel_ice_statue, layout_basic
D:8:      layout_basic, david_nohive_1, uniq_prince_ribbit1
D:9:      layout_gridville, uniq_erolcha, uniq_psyche
D:10:     layout_roguey, orc_david_3
D:11:     minmay_the_grid_triangle_9x9_rhombus_thin
          [minmay_the_grid_triangle_9x9_negative_grid,
          minmay_the_grid_triangle_9x9_prize_special,
          minmay_the_grid_triangle_9x9_shrine,
          minmay_the_grid_triangle_9x9_fully_insulated_deathbox], layout_basic,
          gauntlet_entry_generic, uniq_grum

Skill      XL: |  1  2  3  4  5  6  7  8  9 10 |
---------------+-------------------------------+-----
Unarmed Combat | 4 5 6 8 9 11 | 11.1
Fighting       | 3 4 5 6 |  6.8
Throwing       | 1 2 3 4 5 6 |  6.7
Dodging        | 3 4 5 6 |  6.9
Stealth        | |  1.0

Action                   |  1- 3 |  4- 6 |  7- 9 | 10-12 || total
-------------------------+-------+-------+-------+-------++-------
Melee: Unarmed           |   119 |   206 |   352 |   183 ||   860
       Punch             |     1 |     3 |    13 |    12 ||    29
Throw: Stone             |     1 |       |     3 |       ||     4
       Dart              |       |       |       |    10 ||    10
       Boomerang         |       |       |       |     4 ||     4
       Javelin           |       |       |       |     3 ||     3
Invok: Sacrifice Purity  |       |       |     1 |       ||     1
       Sacrifice Durabil |       |       |     1 |       ||     1
       Reject Sacrifices |       |       |       |     1 ||     1
Evoke: Wand              |       |       |       |     1 ||     1
  Use: Potion            |       |       |     1 |       ||     1
       Scroll            |       |       |       |     4 ||     4
 Stab: Sleeping          |       |       |     4 |     3 ||     7
       Invisible         |       |       |       |     4 ||     4
       Distracted        |       |       |       |     1 ||     1
  Eat: Chunk             |    13 |    19 |    31 |    26 ||    89
Armor: Robe              |    52 |    60 |    68 |    34 ||   214
       Skin              |       |       |     1 |       ||     1
Dodge: Dodged            |    59 |    78 |   152 |   126 ||   415
Block: Other             |    19 |    35 |    76 |    15 ||   145
       Reflection        |     2 |       |       |       ||     2
